Map: Автоматон РВ

Players

Murena

  • Race: Terran Terran
  • Spawn Location: 3:00

ИИ 1 (эксперт) - Winner!

  • Race: Zerg Zerg
  • Spawn Location: 9:00

VOD

Have the link to the VOD?

Description

Time

  • Played on: Feb. 12, 2019, 11:25 a.m.
  • Length: 5:44
Show
View Real Time Build Order
Export as new Build Order

Murena Terran 

Build Orders:  

Get SALT Encoding   

  12  0:00  SCV  
  13  0:12  SCV  
  14  0:20  Supply Depot  
  14  0:25  SCV  
  15  0:31  Refinery  
  15  0:43  Barracks  
  15  0:46  SCV  
  16  1:01  Barracks  
  16  1:05  SCV  
  17  1:17  SCV  
  18  1:22  Supply Depot  
  18  1:29  SCV  
  18  1:30  Marine  
  20  1:42  SCV  
  21  1:48  Marine  
  21  1:50  Barracks Reactor  
  22  1:54  Orbital Command  
  22  2:06  Engineering Bay  
  22  2:07  Marine  
  23  2:20  Engineering Bay  
  23  2:22  SCV  
  24  2:26  Marine, Barracks Tech Lab  
  25  2:30  Marine  
  25  2:36  Terran Infantry Weapons Level 1  
  26  2:38  SCV  
  27  2:46  Marauder  
  27  2:47  Concussive Shells  
  29  2:54  Supply Depot  
  29  2:55  Marine  
  29  2:58  Marine  
  30  3:04  Terran Infantry Armor Level 1  
  31  3:16  Marine, Marauder  
  31  3:17  Marine  
  35  3:21  Supply Depot  
  35  3:24  SCV  
  36  3:32  Refinery  
  36  3:35  Marine, Reaper  
  36  3:37  SCV  
  39  3:44  Marauder  
  41  3:51  Missile Turret  
  41  3:54  Marine  
  42  4:08  Combat Shield  
Show
View Real Time Build Order
Export as new Build Order

ИИ 1 (эксперт) Zerg - Winner!

Build Orders: Pool First 

Get SALT Encoding   

  12  0:00  Drone  
  13  0:12  Overlord  
  13  0:18  Drone  
  14  0:30  Drone  
  14  0:31  Drone  
  14  0:34  Drone  
  17  0:48  Spawning Pool  
  16  0:50  Drone  
  17  1:12  Hatchery  
  17  1:15  Drone  
  17  1:19  Extractor  
  17  1:21  Drone  
  17  1:25  Extractor  
  17  1:27  Drone  
  18  1:32  Drone  
  18  1:38  Drone  
  19  1:49  Overlord  
  19  1:59  Queen  
  21  2:04  Zergling x2  
  22  2:10  Drone  
  23  2:26  Queen  
  25  2:33  Drone  
  26  2:38  Drone  
  26  2:43  Drone  
  28  2:47  Drone  
  29  3:00  Roach Warren  
  29  3:02  Drone  
  29  3:05  Drone  
  29  3:08  Zergling x2  
  29  3:11  Zergling x2  
  32  3:17  Overlord  
  32  3:21  Drone  
  32  3:24  Drone  
  34  3:40  Roach x2  
  38  3:42  Roach  
  38  3:43  Roach  
  38  3:48  Lair  
  42  3:53  Overlord  
  42  3:58  Overlord  
  42  4:02  Zergling x2  
  43  4:04  Zergling x2  
  44  4:11  Zergling x2, Drone  
  44  4:13  Drone  
  44  4:15  Drone  
  48  4:18  Drone  
  48  4:20  Drone  
  50  4:24  Roach  
  50  4:28  Roach  
  54  4:32  Overlord  
  54  4:40  Drone  
  54  4:42  Drone  
  54  4:44  Drone  
  57  4:46  Drone  
  57  4:49  Infestation Pit, Drone  
  57  4:52  Roach  
  56  4:58  Zergling x2  
  47  5:00  Queen  
  47  5:03  Zergling x2  
  47  5:06  Roach  
  45  5:09  Roach  
  45  5:12  Roach  
  34  5:27  Zergling x2  
  28  5:29  Drone  
Tags
 
Add a new tag
Caveats
  • Supply blocks, unpowered buildings, or Contaminate may cause inaccurate times.
  • Supply counts are checked every 10 seconds.